AoeStats
← 小桦

Four Lakes

507435368Analyzed
1v1 RM · 15d ago on Sep 18, 2026· 41m 50s· 2 players
Game mode
Random Map
Map size
Tiny (2 player)
Population
200
Speed
Normal
Resources
Standard
Victory
Conquest
Starting age
Dark Age
Ending age
Imperial Age
RankedLock teamsTeams togetherTeam positionsShared explorationLock speedFull tech treeHidden civsTurbo modeCheats
Victory
Defeat
🇨🇳 Koreans · China
1356
+18
🇸🇪 Chinese · Sweden
1399
-18
小桦
6:27 Loom
6:33 Loom
9:21 Feudal Age
10:17 Double-Bit Axe
13:30 Fishing Lines
18:22 Castle Age
17:58 Fletching
18:55 Elite Skirmisher
22:09 Wheelbarrow
24:20 Scale Mail Armor
28:46 Ballistics
31:18 Imperial Age
29:34 Chain Mail Armor
29:35 Forging
30:19 Bodkin Arrow
30:21 Town Watch
31:58 Thumb Ring
31:55 Squires
32:34 Bow Saw
32:05 Horse Collar
32:53 Bracer
33:51 Stone Mining
33:51 Gold Mining
33:41 Pikeman
34:17 Pikeman
35:42 Plate Mail Armor
35:47 Iron Casting
36:52 Halberdier
40:19 Chemistry
39:16 Murder Holes
40:20 Eupseong
40:42 Conscription
41:16 Arrowslits
Vikariepoolen
0:48 Loom
10:48 Feudal Age
12:34 Fishing Lines
13:43 Fletching
16:06 Padded Archer Armor
17:39 Horse Collar
23:14 Castle Age
21:16 Double-Bit Axe
23:25 Gold Mining
25:21 Bow Saw
26:07 Wheelbarrow
25:42 Town Watch
25:53 Gillnets
26:13 Bodkin Arrow
26:29 Scale Barding Armor
25:52 Crossbowman
28:27 Light Cavalry
29:30 Bloodlines
30:13 Chain Barding Armor
32:22 Forging
32:57 Husbandry
37:17 Thumb Ring
42:00 Imperial Age
40:46 Leather Archer Armor
40:46 Stone Mining
41:08 Thumb Ring
Connection lost

Rejoining the realm…

Still unreachable

The connection could not be restored.

Session expired

The server has moved on; the page needs a fresh start.